 Dungeon Crawl Stone Soup version 0.23.2-40-g277498a (webtiles) character file.

Game seed: 3369727800344303479

12186 Fang the Fighter (level 11, -5/73 HPs)
             Began as a Gargoyle Berserker on Sept 4, 2019.
             Was a High Priest of Trog.
             Slain by a troll (11 damage)
             ... on level 11 of the Dungeon.
             The game lasted 00:14:00 (11265 turns).

Fang the Fighter (Gargoyle Berserker)              Turns: 11265, Time: 00:14:01

Health: -5/73      AC:  0    Str: 25    XL:     11   Next: 89%
Magic:  11/11      EV: 18    Int:  7    God:    Trog [*****.]
Gold:   531        SH:  0    Dex:  9    Spells: 10/10 levels left

rFire    . . .     SeeInvis .   (weapon currently unavailable)
rCold    . . .     Gourm    +   (shield currently unavailable)
rNeg     + . .     Faith    .   (armour currently unavailable)
rPois    ∞         Spirit   .   (helmet currently unavailable)
rElec    .         Reflect  .   (cloak currently unavailable)
rCorr    .         Harm     .   (gloves currently unavailable)
MR       ++...                  (boots currently unavailable)
Stlth    +.........             G - amulet of the gourmand
HPRegen  1.22/turn              (ring currently unavailable)
MPRegen  0.12/turn              (ring currently unavailable)

@: pig-form, regenerating, very quick
A: small, negative energy resistance 1, petrification resistance, rot immunity,
AC +8
a: Berserk, Trog's Hand, Brothers in Arms, Renounce Religion


You were on level 11 of the Dungeon.
You worshipped Trog.
Trog was extremely pleased with you.
You were full.
You were a filthy swine.
You visited 2 branches of the dungeon, and saw 12 of its levels.

You collected 531 gold pieces.

Inventory:

Hand Weapons
 a - a +3 war axe (melded)
Armour
 b - a +1 plate armour (melded)
 y - a +2 pair of gloves (melded)
Jewellery
 i - an uncursed amulet of rage
 v - a +5 amulet of reflection
 C - an uncursed ring of protection from cold
 D - an uncursed ring of resist corrosion
 E - a ring of protection from magic (melded)
 G - an amulet of the gourmand (around neck)
 K - a ring of see invisible (melded)
Wands
 e - a wand of flame (27)
 n - a wand of enslavement (7)
 x - a wand of random effects (43)
 A - a wand of iceblast (11)
 I - a wand of clouds (6)
Scrolls
 f - 2 scrolls of magic mapping
 g - 4 scrolls of fear
 j - a scroll of fog
 o - a scroll of blinking
 p - 2 scrolls of teleportation
 r - 5 scrolls of remove curse
Potions
 d - 2 potions of lignification {unknown}
 h - 3 potions of haste
 k - 2 potions of berserk rage {unknown}
 m - 2 potions of heal wounds
 u - 5 potions of curing
 z - a potion of might
 B - 4 potions of mutation
 F - 2 potions of invisibility
 H - 3 potions of flight {unknown}
Comestibles
 c - 15 rations


   Skills:
 + Level 10.7 Fighting
 + Level 9.1 Axes
 + Level 10.4 Armour
 + Level 8.0 Dodging


You had 10 spell levels left.
You didn't know any spells.
Your spell library was empty.

Dungeon Overview and Level Annotations

Branches:
Dungeon (11/15)            Temple (1/1) D:5            Lair (0/6) D:10
    Orc (0/2) D:10

Altars:
Ashenzari
Cheibriados
Dithmenos
Elyvilon
Fedhas
Gozag
Hepliaklqana
Kikubaaqudgha
Makhleb
Nemelex Xobeh
Okawaru
Qazlal
Ru
Sif Muna
Trog
Uskayaw
Vehumet
Wu Jian
Xom
Yredelemnul
Zin
The Shining One
Beogh

Shops:
D:4 *   D:5 ?   D:7 }   D:11 [

Annotations:
D:11 Fannar, Harold


Innate Abilities, Weirdness & Mutations

You are resistant to torment.
((Your stone body is resilient. (AC +8)))
You are immune to poison.
You resist negative energy. (rN+)
((You are resistant to electric shocks. (rElec)))
((You can survive without breathing.))
You are immune to petrification.
You are immune to rotting.


Message History

The troll bites you! The troll barely misses you.
The troll completely misses you.
You are too injured to fight recklessly!
You are too injured to fight recklessly!
You are too injured to fight recklessly!
You are too injured to fight recklessly!
You are too injured to fight recklessly!
You are too injured to fight recklessly!
You are too injured to fight recklessly!
Okay, then.
You feel much better. Harold misses you. The troll bites you!
The troll claws you! The troll barely misses you.
Your skin crawls.
You feel resistant to hostile enchantments.
You feel somewhat less full.
Harold says, "I was hoping my final job would be more of a challenge, but money is money."
Harold hits you with a +0 hand axe!
* * * LOW HITPOINT WARNING * * *
The troll bites you!
You die...

###
.!..##############
.................#
......@.%).......#
......Th.∩.......####
.....................
...............(.....
..(..#######.........
..... +.....#### ....
#.....# ... #.....#
... #.....# ..
#.....#


You could see Harold and a troll.

Vanquished Creatures
  3 two-headed ogres
  An ugly thing (D:11)
  5 orange demons (D:11)
  2 centaur skeletons
  4 red devils (D:11)
  2 trolls (D:9)
  2 hippogriffs
  A spriggan (D:9)
  A wyvern (D:9)
  2 steam dragons (D:7)
  2 wargs (D:10)
  An ice beast (D:11)
  A black bear (D:10)
  10 orc warriors
  4 sky beasts
  A phantom (D:5)
  8 centaurs
  2 ogres (D:5)
  3 big kobolds (D:7)
  2 crocodiles
  2 bullfrogs (D:9)
  4 scorpions
  7 wights
  An oklob sapling (D:5)
  5 killer bees (D:9)
  5 howler monkeys
  2 bullfrog zombies
  5 crimson imps
  A centaur zombie (D:5)
  2 quasits
  4 jellies
  A bullfrog skeleton (D:5)
  7 orc priests
  6 hounds
  An iguana (D:8)
  Jessica (D:2)
  14 orc wizards
  5 worker ants
  A killer bee zombie (D:5)
  A hound zombie (D:10)
  2 hound skeletons
  Robin (D:2)
  A worker ant zombie (D:10)
  8 adders
  2 shadow imps
  3 adder skeletons
  3 worms
  2 dart slugs (D:1)
  8 leopard geckos
  58 orcs
  7 giant cockroaches
  13 hobgoblins
  7 jackals
  21 kobolds
  2 quokkas
  3 ball pythons (D:1)
  14 bats
  3 frilled lizards
  9 goblins
  10 rats
  A fungus (D:7)
  5 plants (D:5)
315 creatures vanquished.

Vanquished Creatures (collateral kills)
  A bullfrog (D:9)
  A worker ant (D:9)
2 creatures vanquished.

Vanquished Creatures (others)
  A quokka (D:5)
  2 fungi (D:7)
3 creatures vanquished.

Grand Total: 320 creatures vanquished

Notes
Turn   | Place    | Note
-------+----------+-------------------------------------------
     0 | D:1      | Fang the Gargoyle Berserker began the quest for the Orb.
     0 | D:1      | Reached XP level 1. HP: 14/14 MP: 1/1
    35 | D:1      | Reached XP level 2. HP: 18/19 MP: 2/2
   312 | D:1      | Reached XP level 3. HP: 22/23 MP: 3/3
   348 | D:1      | Reached ** piety under Trog
   835 | D:2      | Noticed Jessica
   839 | D:2      | Killed Jessica
   839 | D:2      | Reached XP level 4. HP: 23/29 MP: 4/4
   951 | D:2      | Reached XP level 5. HP: 19/33 MP: 5/5
  1084 | D:2      | Noticed Robin
  1097 | D:2      | Killed Robin
  1501 | D:3      | Reached *** piety under Trog
  2463 | D:4      | Found Neqoeh's General Store.
  2522 | D:4      | Reached XP level 6. HP: 31/39 MP: 6/6
  2879 | D:5      | Entered Level 5 of the Dungeon
  2966 | D:5      | Reached skill level 5 in Fighting
  2969 | D:5      | Reached XP level 7. HP: 17/44 MP: 7/7
  3351 | D:5      | Found Vibosoan's Magic Scroll Shoppe.
  3384 | D:5      | Found a white marble altar of Elyvilon.
  3548 | D:5      | Found a staircase to the Ecumenical Temple.
  3875 | Temple   | Entered the Ecumenical Temple
  3919 | D:5      | Reached skill level 5 in Armour
  4111 | D:5      | Reached XP level 8. HP: 51/51 MP: 8/8
  4142 | D:5      | Found a basalt altar of Yredelemnul.
  4256 | D:5      | Found a white marble altar of Elyvilon.
  4874 | D:6      | Reached skill level 5 in Axes
  5870 | D:7      | Reached XP level 9. HP: 46/56 MP: 9/9
  5884 | D:7      | Reached skill level 5 in Dodging
  5888 | D:7      | Reached **** piety under Trog
  6383 | D:7      | Found Owauv's Gadget Boutique.
  6970 | D:8      | Found a stormy altar of Qazlal.
  6971 | D:8      | Found a burning altar of Makhleb.
  6971 | D:8      | Found a bloodstained altar of Trog.
  6972 | D:8      | Found a hazy altar of Hepliaklqana.
  7195 | D:8      | Reached ***** piety under Trog
  7195 | D:8      | Reached XP level 10. HP: 49/64 MP: 10/10
  7248 | D:8      | Noticed a two-headed ogre
  7264 | D:8      | Killed a two-headed ogre
  7715 | D:9      | Found a hide-covered altar of Uskayaw.
  7894 | D:9      | Noticed a two-headed ogre
  7907 | D:9      | Killed a two-headed ogre
  8351 | D:9      | Found an ancient bone altar of Kikubaaqudgha.
  9045 | D:10     | Entered Level 10 of the Dungeon
  9057 | D:10     | Received a gift from Trog
  9082 | D:10     | Found a roughly hewn altar of Beogh.
  9085 | D:10     | Reached XP level 11. HP: 71/71 MP: 11/11
  9088 | D:10     | Found a staircase to the Orcish Mines.
  9344 | D:10     | Received a gift from Trog
  9636 | D:10     | Found a staircase to the Lair.
  9893 | D:10     | Reached skill level 10 in Fighting
 10145 | D:11     | Noticed Fannar
 10402 | D:11     | Noticed a two-headed ogre
 10437 | D:10     | Killed a two-headed ogre
 10437 | D:10     | Reached skill level 10 in Armour
 10753 | D:11     | Noticed a purple ugly thing
 10770 | D:11     | Killed a purple ugly thing
 11237 | D:11     | Found Ticlur's Antique Armour Emporium.
 11249 | D:11     | Noticed Harold
 11265 | D:11     | Slain by a troll

Skill      XL: |  1  2  3  4  5  6  7  8  9 10 11 |
---------------+----------------------------------+-----
Axes           | 3 4 5 6 8 9 |  9.1
Dodging        | 2 3 4 5 7 8 |  8.0
Fighting       | 4 5 6 8 9 10 | 10.7
Armour         | 3 4 5 6 7 9 10 | 10.4

Action                   |  1- 3 |  4- 6 |  7- 9 | 10-12 || total
-------------------------+-------+-------+-------+-------++-------
Melee: Hand axe          |   104 |   229 |       |       ||   333
       War axe           |       |       |   414 |   427 ||   841
       Unarmed           |       |       |       |     4 ||     4
Invok: Berserk           |       |     2 |     5 |     7 ||    14
       Trog's Hand       |       |       |     1 |     1 ||     2
  Use: Scroll            |       |       |       |    23 ||    23
       Potion            |       |       |       |     2 ||     2
  Eat: Chunk             |       |     8 |    20 |    27 ||    55
       Ration            |       |       |     1 |       ||     1
Armor: Animal skin       |    43 |    28 |       |       ||    71
       Chain mail        |       |   116 |   129 |       ||   245
       Skin              |       |    11 |       |       ||    11
       Plate armour      |       |       |   232 |   465 ||   697
Dodge: Dodged            |    89 |   123 |   210 |   350 ||   772
Block: Other             |       |       |    94 |       ||    94
       Reflection        |       |       |     5 |       ||     5
